 Dungeon Crawl Stone Soup version 0.29.1-13-g9f3cf754e1 (webtiles) character file.

Game seed: 4979225162657466873

143 Thatpatchoflichen the Covered (level 5, -7/33 HPs)
             Began as a Gargoyle Fighter on Feb 1, 2023.
             Killed by divine providence
             ... invoked by an orc priest
              (12 damage)
             ... on level 3 of the Dungeon.
             The game lasted 00:04:27 (3048 turns).

Thatpatchoflichen the Covered (Gargoyle Fighter)    Turns: 3048, Time: 00:04:28

Health: -7/33      AC: 12    Str: 22    XL:     5   Next: 25%
Magic:  5/5        EV:  6    Int:  8    God:
Gold:   178        SH:  4    Dex:  9    Spells: 4/4 levels left

rFire   . . .      SeeInvis .   a - +0 flail
rCold   . . .      Faith    .   c - +0 buckler
rNeg    + . .      Spirit   .   b - +0 scale mail
rPois   ∞          Reflect  .   v - +0 helmet
rElec   +          Harm     .   (no cloak)
rCorr   .          Rampage  .   (no gloves)
Will    .....                   (no boots)
Stlth   ..........              (no amulet)
HPRegen 0.11/turn               (no ring)
MPRegen 0.09/turn               (no ring)

@: constricted
A: sickness immunity, AC +4, negative energy resistance 1, electricity
resistance, torment resistance 1, petrification resistance
a: no special abilities


You were on level 3 of the Dungeon.
You visited 1 branch of the dungeon, and saw 4 of its levels.

You collected 178 gold pieces.

Inventory:

Hand Weapons
 a - a +0 flail (weapon)
 o - a +1 vorpal sling
Missiles
 j - 5 poisoned darts (quivered)
Armour
 b - a +0 scale mail (worn)
 c - a +0 buckler (worn)
 v - a +0 helmet (worn)
 w - the +1 robe of Kom Guch {*Corrode +Blink rN+ Dex+2}
   (You found it on level 3 of the Dungeon)

   Dex:       It affects your dexterity (+2).
   rN:        It protects you from negative energy.
   +Blink:    It lets you blink.
   *Corrode:  It may corrode you when you take damage.
Scrolls
 e - a scroll of blinking {unknown}
 f - 3 scrolls of teleportation {unknown}
 g - a scroll of noise {unknown}
 l - 3 scrolls of identify {unknown}
 n - a scroll of enchant armour {unknown}
 p - a scroll of fog {unknown}
 r - a scroll of acquirement {unknown}
Potions
 d - a potion of might
 h - 2 potions of curing {unknown}
 i - a potion of flight {unknown}
 k - 2 potions of lignification {unknown}
 m - a potion of degeneration {unknown}
 q - a potion of haste {unknown}
 s - 3 potions of mutation {unknown}
 t - a potion of invisibility {unknown}
 u - a potion of berserk rage {unknown}


   Skills:
 + Level 4.2 Fighting
 + Level 3.0 Maces & Flails
 + Level 4.3 Armour
 + Level 4.2 Shields


You had 4 spell levels left.
You didn't know any spells.
Your spell library contained the following spells:

 Spells                   Type           Power      Damage    Failure   Level
 Tukima's Dance           Hex            0%         N/A       99%         3
 Passage of Golubria      Tloc           0%         N/A       100%        4
 Yara's Violent Unravell  Hex/Tmut       0%         3d3       100%        5


Dungeon Overview and Level Annotations

Branches:
Dungeon (4/15)
 Temple: D:4-7

Altars:

Shops:
D:1 !


Innate Abilities, Weirdness & Mutations

You are immune to sickness and miasma.
Your stone body is resilient. (AC +4)
You are immune to poison.
You resist negative energy. (rN+)
You are resistant to electric shocks. (rElec)
You are resistant to unholy torment.
You are immune to petrification.


Message History

You sock the goblin!
You kill the goblin!
You see here a giant cockroach corpse.
An orc wizard and 2 orcs come into view.
The orc shouts!
The orc wizard shouts!
The orc shouts!
You hear a shout!
A ball python comes into view.
The ball python hisses angrily.
An orc priest comes into view. It is wielding a +0 flail.
The orc wizard gestures at you while chanting.
The puff of flame hits you.
You see here the +1 robe of Kom Guch {*Corrode +Blink rN+ Dex+2}.
w - the +1 robe of Kom Guch {*Corrode +Blink rN+ Dex+2} The orc wizard gestures at you while chanting.
You are confused.
You bump into the rock wall.
The ball python bites you but does no damage.
The ball python barely misses you.
The orc wizard hits you but does no damage.
The orc priest mumbles some strange prayers to Beogh against you.
Beogh smites you!
* * * LOW HITPOINT WARNING * * *
The ball python bites you but does no damage.
The ball python barely misses you.
You bump into the rock wall.
The orc wizard hits you but does no damage.
The ball python completely misses you. The ball python grabs you.
The ball python constricts you.
You bump into the rock wall.
The ball python bites you but does no damage.
The ball python constricts you.
The orc wizard hits you but does no damage.
An orc comes into view. It is wielding a +0 dagger.
The ball python bites you but does no damage.
The ball python constricts you.
You bump into the rock wall.
You feel less confused.
The orc shouts!
The orc priest mumbles some strange prayers to Beogh against you.
Beogh smites you!
You die...

#########
########.>.?...#
#.o@o..........#
#....So###.†......#
#.##........).....#
.# #
#.#o###..........
.. ...#.#
#........## .#
.##.... .........#
.# #
###o############ .#
..# .# #######.#


You could see an orc priest, an orc wizard, 3 orcs and a ball python.

Vanquished Creatures
  An orc priest (D:4)
  3 adders (D:2)
  4 worms
  2 dart slugs (D:1)
  An orc (D:4)
  6 bats
  6 endoplasms
  3 giant cockroaches
  6 goblins
  8 hobgoblins
  4 jackals (D:2)
  6 kobolds
  4 quokkas
  3 ball pythons
  3 frilled lizards (D:2)
  4 rats
64 creatures vanquished.

Vanquished Creatures (others)
  A plant (D:1)
1 creature vanquished.

Grand Total: 65 creatures vanquished

Notes
Turn   | Place    | Note
-------+----------+-------------------------------------------
     0 | D:1      | Thatpatchoflichen the Gargoyle Fighter began the quest for
                  | the Orb.
     0 | D:1      | Reached XP level 1. HP: 14/14 MP: 1/1
   166 | D:1      | Reached XP level 2. HP: 16/19 MP: 2/2
   605 | D:1      | Reached XP level 3. HP: 23/23 MP: 3/3
   905 | D:1      | Found Poyxent's Distillery.
  1450 | D:2      | Reached XP level 4. HP: 14/29 MP: 4/4
  1657 | D:2      | Found a faded altar of an unknown god.
  3024 | D:4      | Reached XP level 5. HP: 20/33 MP: 5/5
  3042 | D:3      | Identified the +1 robe of Kom Guch {*Corrode +Blink rN+
                  | Dex+2}
  3048 | D:3      | Killed from afar by an orc priest

Illustrated notes

Levels and vault maps discovered:
D:1:      psy_arrival_radial02, layout_loops_ring, serial_shops, shop,
          serial_bayou_lagoon_a, minmay_circled_x
D:2:      layout_loops_corners, ebering_ecumenical_altar_ruins
D:3:      layout_loops_cross
D:4:      layout_cave_pools, chequers_serial_rivers_micro_e

Skill      XL: |  1  2  3  4 |
---------------+-------------+-----
Armour         | 4 |  4.3
Shields        | 4 |  4.2
Fighting       | 4 |  4.2
Maces & Flails | 3 |  3.0

Action                   |  1- 3 |  4- 6 || total
-------------------------+-------+-------++-------
Melee: Flail             |   116 |    92 ||   208
Armor: Scale mail        |    98 |    65 ||   163
Dodge: Dodged            |    59 |    35 ||    94
Block: Buckler           |    30 |    19 ||    49
